 Dungeon Crawl Stone Soup version 0.18-a0-455-gc7d4c65 (webtiles) character file.

345 Gorice the Conjurer (level 6, 14/24 HPs)
             Began as a Felid Wanderer on Dec 1, 2015.
             Was a Follower of Sif Muna.
             Quit the game on level 6 of the Dungeon.
             The game lasted 00:41:13 (9368 turns).

Gorice the Conjurer (Felid Wanderer)                Turns: 9368, Time: 00:41:14

Health: 14/24      AC:  2    Str:  8    XL:     6   Next: 32%
Magic:  0/13       EV: 15    Int: 17    God:    Sif Muna [*.....]
Gold:   200        SH:  0    Dex: 14    Spells: 2 memorised, 9 levels left
                                        Lives:  0   Deaths: 2

rFire  . . .     SeeInvis +     (weapon unavailable)
rCold  . . .     Clarity  .     (armour unavailable)
rNeg   . . .     SustAt   .     (shield unavailable)
rPois  .         Gourm    .     (helmet unavailable)
rElec  .         Spirit   +     (cloak unavailable)
rCorr  .         Dsmss    .     (gloves unavailable)
rMut   .         Stasis   .     (boots unavailable)
MR     .....                    d - amulet of guardian spirit
Stlth  ++........               (no ring)
                                (no ring)

@: quick, not resistant to hostile enchantments, unstealthy
A: no armour, no weapons or thrown items, claws 1, fangs 3, see invisible,
carnivore 3, speed 1, sense surroundings 1, shaggy fur 2, slow metabolism 1,
sharp paws
a: Channel Energy, Renounce Religion


You were on level 6 of the Dungeon.
You worshipped Sif Muna.
Sif Muna was aware of your devotion.
You were not hungry.

You visited 2 branches of the dungeon, and saw 7 of its levels.

You collected 200 gold pieces.

Inventory:

Jewellery
 d - an amulet of guardian spirit (around neck)
 q - an uncursed ring of teleportation
Wands
 a - a wand of confusion (28)
 o - a wand of polymorph (12)
Scrolls
 f - 5 scrolls of identify
 g - a scroll of amnesia {unknown}
 n - a scroll of remove curse
 p - a scroll of silence {unknown}
 r - a scroll of recharging
 u - a scroll of magic mapping {!r}
 w - a scroll of blinking
Potions
 e - a potion of magic {!q}
 h - 2 potions of curing
 i - a potion of haste {!q}
 m - a potion of ambrosia {!q}
Books
 b - Quevytzaoll's Grimoire of Attacks

   Spells                             Type                      Level
   a - Magic Dart                     Conjuration                  1
   b - Conjure Flame                  Conjuration/Fire             3
 v - a book of Alchemy
Comestibles
 c - 2 meat rations {!e}
 j - 2 slices of pizza
 l - a beef jerky


   Skills:
 - Level 1.3 Stealth
 - Level 4.3 Spellcasting
 + Level 7.2 Conjurations
   Level 2.4 Charms
   Level 1.5 Translocations
   Level 1.1 Transmutations
 * Level 5.0 Fire Magic
 - Level 1.1 Evocations


You had 9 spell levels left.
You knew the following spells:

 Your Spells              Type           Power        Failure   Level  Hunger
a - Magic Dart            Conj           ####         1%          1    None
b - Conjure Flame         Conj/Fire      ###.....     4%          3    ###....


Dungeon Overview and Level Annotations

Branches:
Dungeon (6/15)             Temple (1/1) D:5

Altars:
Cheibriados
Dithmenos
Elyvilon
Gozag
Kikubaaqudgha
Makhleb
Nemelex Xobeh
Okawaru
Qazlal
Ru
Sif Muna
Trog
Vehumet
Xom
Zin

Shops:
D:5 (   D:6 *

Annotations:
D:6 Pikel


Innate Abilities, Weirdness & Mutations

You cannot wear armour.
You are incapable of wielding weapons or throwing items.
You have sharp claws.
You have razor-sharp teeth.
You have supernaturally acute eyesight.
You are carnivorous and can eat meat at any time.
You cover ground quickly.
You are covered in thick fur (AC +2).
You have a slow metabolism.
Your sharp claws are effective at attacking unaware monsters.
You passively map a small area around you.


Message History

Aim: a slave, wearing an animal skin (lightly wounded)
The magic dart hits the slave.
The slave is lightly wounded.
The slave hits you.
Damage: 4 (max 4)
Casting: Magic Dart
Confirm with . or Enter, or press ? or * to list all spells.
Aiming: Magic Dart
Press: ? - help, Shift-Dir - straight line, f/p - slave
Aim: a slave, wearing an animal skin (lightly wounded)
The magic dart hits the slave.
The slave is moderately wounded.
The slave misses you.
Casting: Magic Dart
Confirm with . or Enter, or press ? or * to list all spells.
You don't have enough magic to cast that spell.
Okay, then.
The slave hits you.
Damage: 2 (max 4)
Okay, then.
Okay, then.
Unknown command.
Unknown command.
Unknown command.
There is an entrance to Zuodifil's General Store here.
Unknown command.
Unknown command.
Unknown command.
Unknown command.
Unknown command.
Unknown command.
Unknown command.
Unknown command.
Unknown command.
Unknown command.
Unknown command.
Unknown command.
Unknown command.
Unknown command.
Unknown command.
Unknown command.
Unknown command.
Unknown command.
Unknown command.
Unknown command.
Unknown command.
Unknown command.
Unknown command.
Unknown command.
Are you sure you want to abandon this character and quit the game? (Confirm with "yes".)

.# * * , , ..... >#.⌠ ⌠
##..#* #* ..8 , , .## ##.
, ###o., , . , *
#..####..p .. .. ,
..)....# .#.# * ..# *,,
#.....# ....## * .#. ,**
#.⌠.p.# ..#..# * ....###*
#..@..# .....#*
,.[.....###.⌠.⌠.####......
*
........#..#...##......##,
,
,............†[...........
..........##(...†........
.........######†......###
..?.......# #..<....#
..........# ##.....##
#...>...<## #.......#


You could see 2 slaves and an orc (wandering).

Vanquished Creatures
  A water moccasin (D:5)
  A slave (D:6)
  2 centaurs (D:5)
  3 ogres
  A scorpion (D:4)
  4 crimson imps (D:4)
  An orc priest (D:6)
  2 jellies (D:5)
  Jessica (D:3)
  3 hounds
  2 worker ants (D:4)
  An orc wizard (D:6)
  A worker ant zombie (D:5)
  7 adders
  13 gnolls
  An ooze (D:3)
  An adder skeleton (D:5)
  A worm (D:2)
  A giant gecko (D:2)
  9 orcs
  7 giant cockroaches
  12 hobgoblins
  5 jackals
  6 kobolds
  3 quokkas (D:3)
  A ball python (D:3)
  10 bats
  6 giant newts
  12 goblins
  12 rats
  A butterfly (D:5)
131 creatures vanquished.

Notes
Turn   | Place    | Note
--------------------------------------------------------------
     0 | D:1      | Gorice the Felid Wanderer began the quest for the Orb.
     0 | D:1      | Gorice set off with: a wand of confusion (15), Quevytzaoll's Grimoire of Attacks, a meat ration {!e}
     0 | D:1      | Reached XP level 1. HP: 7/7 MP: 6/6
     0 | D:1      | Identified Quevytzaoll's Grimoire of Attacks
     2 | D:1      | Learned a level 1 spell: Magic Dart
   569 | D:1      | Reached skill level 1 in Conjurations
   595 | D:1      | Reached XP level 2. HP: 11/11 MP: 1/8
  1104 | D:2      | Found a snail-covered altar of Cheibriados.
  1373 | D:2      | HP: 1/11 [gnoll (8)]
  1921 | D:2      | Reached XP level 3. HP: 10/14 MP: 4/9
  2332 | D:2      | Reached skill level 2 in Conjurations
  3101 | D:2      | Found a glowing silver altar of Zin.
  3350 | D:3      | Reached XP level 4. HP: 16/18 MP: 4/11
  3412 | D:3      | Noticed Jessica
  3435 | D:3      | Killed Jessica
  3435 | D:3      | Reached skill level 3 in Conjurations
  4542 | D:2      | HP: 4/18 [orc (4)]
  4852 | D:3      | Learned a level 3 spell: Conjure Flame
  4945 | D:3      | Reached XP level 5. HP: 21/21 MP: 7/12
  5043 | D:2      | Reached skill level 4 in Conjurations
  5760 | D:4      | Found a shimmering altar of Xom.
  5788 | D:4      | HP: 6/21 [crimson imp (1)]
  5793 | D:4      | HP: 7/31 [crimson imp (2)]
  5811 | D:4      | Reached skill level 5 in Conjurations
  5811 | D:4      | Gained mutation: You are covered in thick fur (AC +2). [Felid growth]
  5811 | D:4      | Reached XP level 6. HP: 8/24 MP: 0/13
  5831 | D:4      | HP: 5/24 [crimson imp (2)]
  6282 | D:4      | Reached skill level 6 in Conjurations
  6529 | D:4      | Reached skill level 1 in Fire Magic
  6589 | D:4      | Reached XP level 7. HP: 16/27 MP: 1/14
  6831 | D:4      | Gained mutation: You passively map a small area around you. [potion of beneficial mutation]
  6837 | D:4      | Found an ancient bone altar of Kikubaaqudgha.
  6973 | D:4      | Found an opulent altar of Gozag.
  7273 | D:4      | Reached skill level 2 in Fire Magic
  7486 | D:5      | Entered Level 5 of the Dungeon
  7729 | D:5      | Reached skill level 3 in Fire Magic
  8159 | D:5      | Found Ubittokh's Weapon Boutique.
  8191 | D:5      | Found a staircase to the Ecumenical Temple.
  8197 | Temple   | Entered the Ecumenical Temple
  8276 | Temple   | Became a worshipper of Sif Muna the Loreminder
  8600 | D:5      | Reached skill level 4 in Fire Magic
  8661 | D:5      | Found a sparkling altar of Nemelex Xobeh.
  8713 | D:5      | Reached XP level 8. HP: 31/31 MP: 8/15
  8731 | D:5      | Reached skill level 7 in Conjurations
  9258 | D:6      | Found Zuodifil's General Store.
  9271 | D:6      | Noticed Pikel
  9285 | D:6      | HP: 8/31 [slave[Pikel] (8)]
  9286 | D:6      | HP: 1/31 [hound (3)]
  9286 | D:6      | Mangled by a slave
  9287 | D:6      | Reached XP level 7. HP: -9/27 MP: 0/14
  9320 | D:6      | Reached * piety under Sif Muna
  9320 | D:6      | Reached skill level 5 in Fire Magic
  9320 | D:6      | HP: 7/27 [slave[Pikel] (4)]
  9321 | D:6      | HP: 2/27 [slave[Pikel] (5)]
  9324 | D:6      | Slain by a slave
  9325 | D:6      | Reached XP level 6. HP: -3/24 MP: 0/13
  9368 | D:6      | Quit the game

Vault maps used:
D:1:      lemuel_arrival_tunnels
D:2:      zin_academy, cheibriados_altar_1
D:3:      uniq_jessica
D:4:      kiku_gazebo_garden_becter, grunt_gozag_breadcrumbs, first_bread,
          led_xom_imps
D:5:      minmay_temple_entry_butterflies, serial_shops, kennysheep_mini,
          nemelex_diamond_rough_becter
D:6:      marbit_many_paths, serial_shops, nicolae_shop_trees, shop_fountains,
          nicolae_shop_stone, nicolae_shop_temple_entry_statues_fountains,
          uniq_pikel
Temple:   jpeg_temple_clearing_12

Action                   |  1- 3 |  4- 6 |  7- 9 || total
-------------------------+-------+-------+-------++-------
Melee: Unarmed           |    12 |    60 |    61 ||   133
 Cast: Magic Dart        |   135 |   226 |   103 ||   464
       Conjure Flame     |       |     3 |     9 ||    12
Evoke: Wand              |     3 |    13 |     4 ||    20
  Use: Scroll            |     6 |     7 |     5 ||    18
       Potion            |       |     1 |     2 ||     3
 Stab: Sleeping          |       |     1 |     1 ||     2
  Eat: Chunk             |    12 |     6 |     8 ||    26

Table legend:
 A = Turns spent in this place as a percentage of turns spent in the entire game.
 B = Non-inter-level travel turns spent in this place as a percentage of non-inter-level travel turns spent in the entire game.
 C = Inter-level travel turns spent in this place as a percentage of turns spent in this place.
 D = Turns resting spent in this place as a percentage of non-inter-level travel turns spent in this place.
 E = Turns spent auto-exploring this place as a percentage of non-inter-level travel turns spent in this place.
 F = Non-inter-level travel turns spent in this place divided by the number of levels of this place that you've seen.
                   A       B       C       D       E      F
               +-------+-------+-------+-------+-------+----------------------
         Total | 100.0 | 100.0 |   0.8 |   6.5 |   4.3 | 436.0
       Dungeon |  97.8 |  97.8 |   0.8 |   6.6 |   4.1 | 497.3
        Temple |   2.2 |   2.2 |   1.4 |   0.0 |  13.2 |  68.0
               +-------+-------+-------+-------+-------+----------------------

Vault maps used:
D:1:      lemuel_arrival_tunnels
D:2:      zin_academy, cheibriados_altar_1
D:3:      uniq_jessica
D:4:      kiku_gazebo_garden_becter, grunt_gozag_breadcrumbs, first_bread,
          led_xom_imps
D:5:      minmay_temple_entry_butterflies, serial_shops, kennysheep_mini,
          nemelex_diamond_rough_becter
D:6:      marbit_many_paths, serial_shops, nicolae_shop_trees, shop_fountains,
          nicolae_shop_stone, nicolae_shop_temple_entry_statues_fountains,
          uniq_pikel
Temple:   jpeg_temple_clearing_12
